 Dungeon Crawl Stone Soup version 0.28-a0-429-g1448048969 (webtiles) character file.

Game seed: 8234364726617170547

165 MacCMillion the Chopper (level 5, -1/46 HPs)
             Began as a Draconian Cinder Acolyte on Sept 10, 2021.
             Was a High Priest of Ignis.
             Slain by a hound zombie (4 damage)
             ... in an ossuary.
             The game lasted 00:11:18 (4291 turns).

MacCMillion the Chopper (Draconian Cinder Acolyte)  Turns: 4291, Time: 00:11:19

Health: -1/46      AC:  5    Str: 17    XL:     5   Next: 21%
Magic:  6/6        EV: 11    Int: 15    God:    Ignis [*****.]
Gold:   155        SH:  0    Dex:  6    Spells: 4/6 levels left

rFire   + . .      SeeInvis .   a - -1 hand axe (flame)
rCold   . . .      Faith    .   (no shield)
rNeg    . . .      Spirit   .   (armour unavailable)
rPois   .          Reflect  .   (helmet restricted)
rElec   .          Harm     .   (no cloak)
rCorr   .          Rampage  .   (no gloves)
Will    .....                   (no boots)
Stlth   +.........              (no amulet)
HPRegen 0.15/turn               (no ring)
MPRegen 0.10/turn               (no ring)

@: no status effects
A: AC +5, unfitting armour, cold-blooded
a: Renounce Religion, Sea of Fire, Foxfire Swarm, Rising Flame


You were in an ossuary.
You worshipped Ignis.
Ignis was extremely pleased with you.
You visited 1 branch of the dungeon, and saw 4 of its levels.
You also visited: Ossuary.

You collected 155 gold pieces.

Inventory:

Hand Weapons
 a - a -1 hand axe of flaming (weapon)
 d - a +0 war axe
Wands
 h - a wand of flame (20)
Scrolls
 b - a scroll of noise
 e - a scroll of amnesia
 f - 2 scrolls of enchant armour
Potions
 c - a potion of heal wounds


   Skills:
 - Level 4.1 Fighting
 - Level 4.4 Axes
 - Level 1.0 Spellcasting
 - Level 4.3 Fire Magic
 + Level 0.0 Evocations


You had 4 spell levels left.
You knew the following spells:

 Your Spells              Type           Power      Damage    Failure   Level
a - Scorch                Fire           26%        2d6       6%          2

Your spell library contained the following spells:

 Spells                   Type           Power      Damage    Failure   Level
 Portal Projectile        Hex/Tloc       0%         N/A       58%         3
 Blade Hands              Tmut           0%         N/A       100%        5
 Excruciating Wounds      Necr           0%         N/A       100%        5


Dungeon Overview and Level Annotations

Branches:
Dungeon (4/15)            Ossuary (1/1)
 Temple: D:4-7

Altars:


Innate Abilities, Weirdness & Mutations

Your plain brown scales are hard. (AC +5)
You cannot fit into any form of body armour.
You are cold-blooded and may be slowed by cold attacks.


Message History

* * * LOW HITPOINT WARNING * * *
The hound zombie closely misses you. The hound zombie closely misses you.
The hound zombie bites you.
* * * LOW HITPOINT WARNING * * *
Okay, then.
It was a potion of curing.
You feel better. The hound zombie bites you.
* * * LOW HITPOINT WARNING * * *
The hound zombie bites you but does no damage.
Unknown command.
A mummy comes into view.
You hit the hound zombie but do no damage. x2
You hit the gnoll zombie. You burn the gnoll zombie.
The hound zombie bites you.
* * * LOW HITPOINT WARNING * * *
The hound zombie closely misses you. x2; The hound zombie barely misses you.
You barely miss the hound zombie. You hit the hound zombie.
You burn the hound zombie. You hit the gnoll zombie. You burn the gnoll zombie.
The gnoll zombie closely misses you. The hound zombie closely misses you.
The hound zombie bites you but does no damage.
You hit the hound zombie but do no damage.
You barely miss the hound zombie. You hit the gnoll zombie.
You burn the gnoll zombie. The hound zombie bites you.
* * * LOW HITPOINT WARNING * * *
The hound zombie barely misses you. The gnoll zombie closely misses you.
The hound zombie closely misses you. The hound zombie barely misses you.
You hit the hound zombie. You burn the hound zombie.
The hound zombie is lightly damaged.
You hit the gnoll zombie. You burn the gnoll zombie.
You destroy the gnoll zombie!
You hit the hound zombie. You burn the hound zombie.
The hound zombie bites you but does no damage. x2
You hit the hound zombie. You burn the hound zombie.
The hound zombie is heavily damaged.
You hit the hound zombie. You burn the hound zombie.
You hit the hobgoblin zombie. You burn the hobgoblin zombie.
You hit the rat zombie. You burn the rat zombie. You hit the goblin zombie.
You burn the goblin zombie.
The hound zombie bites you but does no damage.
The hound zombie bites you.
You die...

......... .. .........
..#####........
...............
...............M... ..
#...............#
...##...............##.
...............Z@Z......
...............ZZZ......
#..............Z.......
#..............Z...... .
#..........∩ZZMM......
.##.....................
.#..............Z.......
.....Z..........Z.......
....##...............##.


You could see 3 mummies, an adder zombie, 2 rat zombies, 2 hound zombies, a
goblin zombie, 4 hobgoblin zombies and an orc zombie.

Vanquished Creatures
  5 adders
  4 gnolls
  A worm (D:2)
  2 dart slugs
  9 ball pythons
  5 endoplasms
  3 giant cockroaches
  A gnoll zombie (Ossuary)
  4 hobgoblins
  6 jackals
  12 kobolds
  3 quokkas
  7 bats
  2 frilled lizards (D:2)
  6 goblins
  7 rats
77 creatures vanquished.

Vanquished Creatures (others)
  9 plants (D:1)
9 creatures vanquished.

Grand Total: 86 creatures vanquished

Notes
Turn   | Place    | Note
-------+----------+-------------------------------------------
     0 | D:1      | MacCMillion the Draconian Cinder Acolyte began the quest
                  | for the Orb.
     0 | D:1      | Reached XP level 1. HP: 19/19 MP: 2/2
    56 | D:1      | Reached XP level 2. HP: 26/26 MP: 3/3
    59 | D:1      | Learned a level 2 spell: Scorch
   513 | D:1      | Reached XP level 3. HP: 25/31 MP: 4/4
  1639 | D:2      | Reached XP level 4. HP: 5/40 MP: 5/5
  2069 | D:2      | Found a faded altar of an unknown god.
  3147 | D:3      | Reached XP level 5. HP: 16/46 MP: 6/6
  4218 | D:4      | Noticed an ogre
  4237 | D:4      | Found a sand-covered staircase.
  4246 | Ossuary  | Entered an ossuary
  4265 | Ossuary  | HP: 2/46 [hound zombie (1)]
  4276 | Ossuary  | HP: 1/46 [hound zombie (3)]
  4283 | Ossuary  | HP: 1/46 [hound zombie (1)]
  4291 | Ossuary  | Slain by a hound zombie

Illustrated notes

Levels and vault maps discovered:
D:1:      dpeg_arrival_short_road, layout_basic, lexackson_kobold_supper
D:2:      kennysheep_six_static_rooms, layout_basic,
          shapermc_ecumenical_altar_totnotflames, minivault_11,
          nrook_mini_vaults, small_statue_intersection, minmay_tetromino_l2
D:3:      minmay_wonky_spiral, layout_basic
D:4:      minmay_opposing_rooms, layout_basic,
          chequers_temple_overflow_statue_of_worship,
          nicolae_ossuary_entry_ruins, minmay_misc_feat_square
Ossuary:  ossuary_minmay_tomb_2a

Skill      XL: |  1  2  3  4 |
---------------+-------------+-----
Axes           | 4 |  4.4
Fire Magic     | 4 |  4.3
Fighting       | 4 |  4.1
Spellcasting   | |  1.0

Action                   |  1- 3 |  4- 6 || total
-------------------------+-------+-------++-------
Melee: Hand axe          |   129 |   101 ||   230
       Tailslap          |     9 |     7 ||    16
 Cast: Scorch            |       |     8 ||     8
Evoke: Wand              |       |     2 ||     2
  Use: Scroll            |       |     5 ||     5
       Potion            |       |     1 ||     1
Armor: Skin              |    45 |    38 ||    83
Dodge: Dodged            |    87 |    81 ||   168

Table legend: (Time is in decaauts)
 A = Elapsed time spent in this place.
 B = Non-inter-level travel time spent in this place.
 C = Inter-level travel time spent in this place.
 D = Time resting spent in this place.
 E = Time spent auto-exploring this place.
 F = Levels seen in this place.
 G = Mean time per level.
                   A        B        C        D        E       F      G
               +--------+--------+--------+--------+--------+-----+--------+
         Total |   4327 |   4073 |    254 |    301 |   2971 |   5 |  865.4 |
       Dungeon |   4282 |   4028 |    254 |    301 |   2971 |   4 | 1070.5 |
       Ossuary |     45 |     45 |      0 |      0 |      0 |   1 |   45.0 |
               +--------+--------+--------+--------+--------+-----+--------+

Top non-repeatable levels by time:
     D:1: 1496 daAuts
     D:3: 1412 daAuts
     D:2: 1315 daAuts
     D:4: 57 daAuts
 Ossuary: 45 daAuts
